Arrhythmia, chaotic female vampiric Convict @ Arrhythmia the Outlaw Experience level: 15 Strength: 18 Dexterity: 12 Constitution: 20 Intelligence: 12 Wisdom: 16 Charisma: 8 Health: 0(150) Energy: 114(114) AC: -14 Gold: 6547 Moves: 35928 Your Inventory: Coins $ - 6547 gold pieces Amulets F - an uncursed amulet of reflection (being worn) Weapons Q - an uncursed rustproof [+0] broadsword named Luck Blade [Luck Blade] Armor f - a blessed +2 dented pot (being worn) l - an uncursed +0 dwarvish mithril-coat (being worn) p - an [uncursed +0] set of sirrush scales [electric dragon scales] E - an uncursed +0 pair of leather gloves of stealth (being worn) I - a blessed +3 elven shield of brilliance (being worn) M - a blessed +5 pair of hard shoes [iron] (being worn) V - an uncursed burnt +0 cloak of invisibility (being worn) Comestibles i - an uncursed Hot Futa Mare Dick named Lucky ward against wardens o - an uncursed sprig of wolfsbane Scrolls w - 4 [uncursed] scrolls of teleportation z - an [uncursed] scroll of identify C - an [uncursed] scroll called enchant weapon [of enchant weapon] Y - an [uncursed] unlabeled scroll [of blank paper] Potions n - an [uncursed] black potion [of extra healing] J - an [uncursed] potion of booze Rings h - a cursed -1 ring of protection (on left hand) m - an [uncursed] ring of protection from shape changers (on right hand) r - an [uncursed] ring of slow digestion Wands k - an [uncursed] wand of magic missile [0:3] s - an [uncursed] wand of magic missile [0:1] u - an [uncursed] wand of magic missile [0:7] x - an [uncursed] wand of lightning [0:0] y - an [uncursed] wand of magic missile [0:2] G - an [uncursed] wand of magic missile [0:0] H - an [uncursed] wand of striking [0:0] U - an [uncursed] wand of death [0:6] W - an [uncursed] wand of make invisible [0:6] X - an uncursed wand of digging (0:3) Z - an uncursed wand of speed monster (0:7) Tools a - an uncursed [+0] unicorn horn d - an uncursed towel j - a [cursed +0] unicorn horn [of hunger] B - an uncursed silver bell [(Bell of Opening) (0:2)] P - an uncursed skeleton key Iron balls c - the blessed rustproof Iron Ball of Liberation (chained to you) (weapon in hand) Spells known in the end: Name Level Category Fail Memory a - confuse monster 2* enchantment 100% [........] b - cure sickness 3! healing 100% [|.......] c - sleep 1 enchantment 100% [|||.....] d - extra healing 3 healing 100% [||||||||] Your skills at the end: Fighting Skills body armor [Skilled / Skilled] shield [Basic / Basic] Weapon Skills flail [Expert / Expert] sling [Basic / Skilled] Spellcasting Skills Final Attributes: You were piously aligned. Hunger level was 1350. Your alignment was 189 / 189. Monster difficulty range was 4 - 20. Level difficulty was 26. You were immune to poison. You were immune to level-drain. You were immune to sickness. You were magic-protected. You were punished. You saw invisible. You were warned. You had automatic searching. You were invisible to others. You were displaced. You were stealthy. You could fly. You could survive without air. You were swallowed by a fire vortex (25). You regenerated. You were ineffectively protected. You were protected from shape changers. You had reflection. You were extremely lucky (13). You had extra luck. Bad luck did not time out for you. Good luck did not time out for you. You are dead. Vanquished creatures: Juiblex Medusa Warden Arianna 2 iron golems a lindworm a guivre a sarkany a sirrush a wyvern a minotaur a baluchitherium a demilich 3 Olog-hai a titanothere 4 trappers 6 disenchanters 2 vampire lords a skeleton 3 prison guards a shopkeeper 5 lava demons 6 inmates 5 liches 8 water trolls a clay golem 2 nurses 3 lurkers above 2 Aleaxes 2 ettins 2 golden nagas 5 black puddings 5 vampires 3 lieutenants 4 ghosts a queen bee a winged gargoyle a mind flayer 2 giant mimics 2 zruties a fire giant 2 ogre kings 8 ice trolls 6 rock trolls 2 umber hulks 2 flesh golems an Elvenking a doppelganger 2 large mimics a wumpus 3 couatls 6 stalkers 4 air elementals a fire elemental 5 earth elementals a water elemental a hill giant 4 giant mummies 6 black nagas 6 xorns a giant zombie 11 elf-lords 19 sergeants 7 wargs a winter wolf 6 small mimics 4 glass piercers 2 warhorses 4 xans 2 ettin mummies an ogre lord 3 quantum mechanics 23 trolls 2 sasquatches 3 wood golems 3 sharks 3 electric eels a giant turtle 3 gelatinous cubes 2 large dogs 5 freezing spheres 5 flaming spheres a shocking sphere a large cat 4 tigers 3 gargoyles a tengu 5 ochre jellies a leocrotta 2 mountain centaurs a stone giant an elf mummy 2 human mummies a red naga a pit viper 2 pythons 2 cobras a wraith a carnivorous ape 2 ettin zombies a Grey-elf 57 soldiers a horned devil 2 succubi an incubus 2 chameleons 4 crocodiles 66 giant beetles 2 quivering blobs 3 cockatrices 9 wolves 8 winter wolf cubs a lynx 4 panthers 3 spotted jellies 22 leprechauns 3 orc-captains 2 iron piercers a mumak 20 giant spiders 2 scorpions an ice vortex 2 black lights 2 vampire bats a forest centaur 5 gnome kings 5 orc mummies 3 dwarf mummies an ogre 18 brown puddings 10 rust monsters an owlbear a yeti a werewolf 8 Green-elves 6 giant eels 9 lizards 5 chickatrices 2 dogs 2 dingos a housecat 2 dwarf lords 3 blue jellies 7 white unicorns a gray unicorn 4 dust vortices 2 ravens 8 plains centaurs a Kop Kaptain a gnome mummy 3 snakes 9 water moccasins a human zombie 3 rope golems 43 soldier ants 2 snow ants 20 bugbears 7 wood nymphs 6 water nymphs 4 mountain nymphs 12 Uruk-hai 2 orc shamans 6 rock piercers 13 enormous rats 4 rock moles 5 ponies 2 yellow lights a violet fungus 15 gnome lords 7 gnomish wizards 2 Kop Lieutenants 2 kobold mummies a red naga hatchling a black naga hatchling a gray ooze a barrow wight 8 elf zombies 5 ghouls 2 paper golems 2 wax golems 6 jellyfish a baby crocodile 7 giant ants 2 little dogs 9 floating eyes 3 kittens 21 dwarves 2 homunculi 3 kobold lords 2 kobold shamans 30 hill orcs 13 rothes 3 rabid rats a centipede 3 giant bats 3 Kop Sergeants 9 dwarf zombies 2 wererats 10 iguanas 58 killer bees 2 acid blobs 4 coyotes 2 gas spores 2 hobbits 3 manes 3 large kobolds 18 hobgoblins 32 giant rats 5 cave spiders 2 yellow molds 2 green molds 2 red molds 74 gnomes 4 Keystone Kops 3 garter snakes 6 gnome zombies 7 geckos 10 jackals a fox a kobold 3 goblins 3 sewer rats 3 bats 2 lichens 8 kobold zombies 6 newts 1213 creatures vanquished. Voluntary challenges: You went without food. You never hit with a wielded weapon. You read items or engraved 55 times. You put on armor 106 times. You never genocided any monsters. You never polymorphed an object. You never changed form. You used no wishes. You abstained from Elbereth's help. You never encountered a bones level. You never used any Sokoban shortcuts. Dungeon overview: The Dungeons of Doom: levels 1 to 26 Level 1 a fountain a long staircase Level 4 some fountains stairs to The Gnomish Mines Level 6 a fountain Level 7 an altar to Tymora, a sink Level 9 many fountains Level 10 (Magic trap) a fountain stairs to Sokoban Level 12 stairs to Town Level 14 a delicatessen, some fountains Level 15 a fountain portal to The Quest Level 17 (Succ) a fountain Level 18 ( ) many fountains, some trees Level 20 a tin shop Level 21 an altar Level 23 a temple portal to One-eyed Sam's Market Level 26 <- You were here a fountain, a throne, many trees Gehennom: levels 26 to 27 The Gnomish Mines: levels 5 to 12 Level 5 stairs to The Dungeons of Doom Level 7 many shops, a temple, a magic chest, some fountains Level 9 (Magic trap) Level 12 a fountain The Quest: levels 1 to 6 Level 1 an altar to Tymora, a magic chest portal to The Dungeons of Doom Level 3 a general store, a sink Sokoban: Level 9 a magic chest stairs to The Dungeons of Doom Town: Level 11 stairs to The Dungeons of Doom One-eyed Sam's Market: Level 1 portal to The Dungeons of Doom History has recorded: On T:1 you entered the Dungeons of Doom to retrieve the Amulet of Yendor! On T:130 you reached level 2 of The Dungeons of Doom. On T:299 you advanced to experience level 2. On T:648 you reached level 3 of The Dungeons of Doom. On T:666 you advanced to experience level 3. On T:913 you reached level 4 of The Dungeons of Doom. On T:914 you advanced to experience level 4. On T:1106 you reached level 1 of The Gnomish Mines. On T:1119 you advanced to experience level 5. On T:1216 you advanced to experience level 6. On T:1666 you reached level 2 of The Gnomish Mines. On T:1958 you advanced to experience level 7. On T:2327 you reached level 5 of The Dungeons of Doom. On T:2756 you reached level 6 of The Dungeons of Doom. On T:3168 you advanced to experience level 8. On T:3734 you reached level 7 of The Dungeons of Doom. On T:3788 you received a fireproof sling of searching and warning from Tymora. On T:4018 you advanced to experience level 9. On T:4510 you reached level 8 of The Dungeons of Doom. On T:4976 you reached level 9 of The Dungeons of Doom. On T:5882 you reached level 10 of The Dungeons of Doom. On T:6202 you reached level 3 of Sokoban. On T:6349 you advanced to experience level 10. On T:6465 you reached level 11 of The Dungeons of Doom. On T:6962 you reached level 12 of The Dungeons of Doom. On T:7072 you reached level 3 of Town. On T:7432 you reached level 13 of The Dungeons of Doom. On T:8797 you reached level 14 of The Dungeons of Doom. On T:9230 you advanced to experience level 11. On T:9523 you reached level 15 of The Dungeons of Doom. On T:9768 you reached level 1 of The Quest. On T:11547 you embarked upon an epic quest. On T:11722 you received Luck Blade from Tymora. On T:12135 you reached level 2 of The Quest. On T:12299 you reached level 3 of The Quest. On T:12833 you advanced to experience level 12. On T:13494 you reached level 4 of The Quest. On T:13642 you reached level 5 of The Quest. On T:13909 you reached level 6 of The Quest. On T:14034 you killed Juiblex on level 6 of The Quest. On T:14357 you killed Warden Arianna on level 5 of The Quest. On T:14633 you completed the quest! On T:16156 you received a rustproof flail of reflection from Tymora. On T:18427 you reached level 3 of The Gnomish Mines. On T:18588 you reached level 4 of The Gnomish Mines. On T:18702 you advanced to experience level 13. On T:19288 you reached level 5 of The Gnomish Mines. On T:19915 you reached level 6 of The Gnomish Mines. On T:20813 you reached level 8 of The Gnomish Mines. On T:23962 you received Trollsbane from Tymora. On T:24471 you reached level 16 of The Dungeons of Doom. On T:25019 you reached level 17 of The Dungeons of Doom. On T:25804 you reached level 18 of The Dungeons of Doom. On T:26144 you reached level 19 of The Dungeons of Doom. On T:26887 you reached level 20 of The Dungeons of Doom. On T:27426 you reached level 21 of The Dungeons of Doom. On T:27952 you reached level 22 of The Dungeons of Doom. On T:28468 you reached level 23 of The Dungeons of Doom. On T:29021 you reached level 1 of One-eyed Sam's Market. On T:29470 you reached level 24 of The Dungeons of Doom. On T:29967 you killed Medusa on level 24 of The Dungeons of Doom. On T:33630 you advanced to experience level 14. On T:34841 you reached The Castle. On T:35482 you advanced to experience level 15. Latest messages: You bite the fire elemental. The fire elemental misses. [HP-27=123] You hit the fire elemental! You bite the fire elemental. The fire elemental misses. [HP+1=124] You kill the fire elemental! The fire vortex engulfs you! [HP+1=125] You hit the fire vortex. You are suddenly very hot! You bite the fire vortex. You are suddenly very hot! You are burning to a crisp! (2x) [HP-66=59] You hit the fire vortex. You are suddenly very hot! You bite the fire vortex. You are suddenly very hot! You are burning to a crisp! You die... Final status: Goodbye Arrhythmia the Convict... You died in The Dungeons of Doom on dungeon level 26 with 192081 points, and 6547 pieces of gold, after 35928 moves. You were level 15 with a maximum of 150 hit points when you died.